 Dungeon Crawl Stone Soup version 0.28.0-53-g5a82cb258f (webtiles) character file.

Game seed: 8249418025858607768

16880 Peloso the Fencer (level 12, 0/110 HPs)
             Began as a Minotaur Fighter on June 1, 2022.
             Was a High Priest of Okawaru.
             Slain by a reaper
             ... wielding a +0 scythe of freezing
              (18 damage)
             ... in an ice cave.
             The game lasted 00:27:51 (12812 turns).

Peloso the Fencer (Minotaur Fighter)               Turns: 12812, Time: 00:27:51

Health: 0/110      AC: 34    Str: 22    XL:     12   Next: 14%
Magic:  11/12      EV:  7    Int:  5    God:    Okawaru [*****.]
Gold:   893        SH:  7    Dex: 14    Spells: 11/11 levels left

rFire   x . .      SeeInvis .   b - +8 demon blade (elec)
rCold   + + .      Faith    +   g - +0 buckler
rNeg    . . .      Spirit   .   e - +3 crystal plate armour of Kiafeggaebist {rPois rF+}
rPois   +          Reflect  .   (helmet restricted)
rElec   .          Harm     .   q - +1 cloak "Puhob" {Will+}
rCorr   .          Rampage  .   t - +2 pair of gloves
Will    +....                   (no boots)
Stlth   ..........              i - amulet of faith
HPRegen 0.28/turn               s - ring of ice
MPRegen 0.13/turn               l - ring of ice

@: heroic
A: horns 2, retaliatory headbutt
a: Renounce Religion, Heroism, Finesse, Duel


You were in an ice cave.
You worshipped Okawaru.
Okawaru was extremely pleased with you.
You visited 2 branches of the dungeon, and saw 12 of its levels.
You also visited: Bailey and Ice Cave.

You collected 893 gold pieces.

Inventory:

Hand Weapons
 a - a +1 vampiric double sword
 b - a +8 demon blade of electrocution (weapon)
 c - a +2 hand axe of flaming
 A - the +8 arc blade {discharge, rElec}
   (You found it in a bailey)

   It occasionally unleashes powerful arcs of lightning upon striking a foe.
   These may arc to other adjacent creatures (including the wielder, but dealing
   reduced damage to them) before grounding out.
   rElec:     It insulates you from electricity.
 B - a +0 hand crossbow of flaming
Armour
 e - the +3 crystal plate armour of Kiafeggaebist (worn) {rPois rF+}
   (Okawaru gifted it to you in an ice cave)

   rF:        It protects you from fire.
   rPois:     It protects you from poison.
 g - a +0 buckler (worn)
 q - the +1 cloak "Puhob" (worn) {Will+}
   (Okawaru gifted it to you in a bailey)

   Will:      It increases your willpower.
 t - a +2 pair of gloves (worn)
 u - a +0 plate armour
Jewellery
 h - an amulet of guardian spirit
 i - an amulet of faith (around neck)
 l - a ring of ice (right hand)
 s - a ring of ice (left hand)
 w - a ring of willpower
Wands
 k - a wand of iceblast (5)
 z - a wand of acid (3)
 G - a wand of polymorph (4)
 K - a wand of digging (5)
 L - a wand of flame (4)
Scrolls
 f - 2 scrolls of summoning {unknown}
 m - a scroll of fear
 o - 2 scrolls of teleportation
 p - a scroll of immolation
 r - 2 scrolls of amnesia
 v - a scroll of fog
 y - a scroll of acquirement
 C - a scroll of brand weapon {unknown}
 D - a scroll of torment {unknown}
 I - a scroll of blinking
 M - a scroll of magic mapping {unknown}
Potions
 d - a potion of might
 j - 2 potions of cancellation
 n - 2 potions of invisibility
 x - 2 potions of brilliance
 E - a potion of resistance
 F - 3 potions of haste
 H - a potion of flight
 J - a potion of attraction {unknown}


   Skills:
 + Level 11.6(16.6) Fighting
 + Level 16.1(21.1) Long Blades
 + Level 11.9(16.9) Armour
 + Level 2.2(7.2) Dodging
 + Level 1.5(6.5) Stealth
 + Level 7.0(12.0) Shields
 + Level 2.2 Invocations
 + Level 0.5 Evocations


You had 11 spell levels left.
You didn't know any spells.
Your spell library contained the following spells:

 Spells                   Type           Power      Damage    Failure   Level
 Frozen Ramparts          Ice            0%         1d2       100%        3
 Gell's Gravitas          Tloc           0%         N/A       100%        3
 Teleport Other           Tloc           0%         N/A       100%        3
 Anguish                  Hex/Necr       0%         N/A       100%        4
 Fulminant Prism          Conj/Hex       0%         3d6       100%        4
 Ice Form                 Ice/Tmut       0%         N/A       100%        4
 Olgreb's Toxic Radiance  Pois           0%         N/A       100%        4
 Dispersal                Tloc           0%         N/A       100%        6
 Ozocubu's Refrigeration  Ice            0%         4d5       100%        7
 Ignition                 Fire           0%         3d3       100%        8
 Tukima's Dance           Hex            Unusable   N/A       N/A         3
 Summon Ice Beast         Ice/Summ       Unusable   N/A       N/A         4
 Death Channel            Necr           Unusable   N/A       N/A         6

Dungeon Overview and Level Annotations

Branches:
Dungeon (11/15)            Temple (1/1) D:4             Orc (0/2) D:9
 Bailey (visited)           IceCv (1/1)
   Lair: D:8-11

Altars:
Ashenzari
Cheibriados
Dithmenos
Elyvilon
Fedhas
Gozag
Hepliaklqana
Kikubaaqudgha
Makhleb
Nemelex Xobeh
Okawaru
Qazlal
Ru
Sif Muna
Trog
Uskayaw
Vehumet
Wu Jian
Xom
Yredelemnul
Zin
The Shining One
Lugonu

Shops:
D:7 (   D:11 (

Annotations:
D:4 Dig
D:5 Flight


Innate Abilities, Weirdness & Mutations

You have a pair of horns on your head.
You reflexively headbutt those who attack you in melee.


Message History

You slice the reaper!!
The reaper is moderately wounded.
The reaper hits you with a +0 scythe of freezing!!
The reaper freezes you.
You hit the reaper.
You headbutt the reaper, but do no damage.
The reaper is heavily wounded.
You barely miss the reaper.
You headbutt the reaper, but do no damage.
The reaper is heavily wounded.
The reaper hits you but does no damage.
You closely miss the reaper.
The reaper is heavily wounded.
The reaper hits you but does no damage.
You barely miss the reaper.
The reaper is heavily wounded.
You hit the reaper but do no damage.
You headbutt the reaper, but do no damage.
The reaper is heavily wounded.
The reaper completely misses you.
You hit the reaper.
You headbutt the reaper, but do no damage.
The reaper is heavily wounded.
You barely miss the reaper.
The reaper is heavily wounded.
The reaper hits you but does no damage.
The ice devil hits you but does no damage.
You hit the reaper. Your headbutt misses the reaper.
The reaper is heavily wounded.
The reaper hits you with a +0 scythe of freezing!!
* * * LOW HITPOINT WARNING * * *
The reaper freezes you.
* * * LOW HITPOINT WARNING * * *
You barely miss the reaper.
The reaper is heavily wounded.
The ice devil barely misses you.
You closely miss the reaper. You headbutt the reaper!
The reaper is severely wounded.
The reaper hits you with a +0 scythe of freezing!!
You die...

#§○○ ##...## . #§4§ ##### ##...#
###. #☼§###...## #...##
.☼..☼☼.....#.........## #...##
.○☼.○§##.....Z##......# ##...##
.☼.°☼..##.....4###....######...#
#°.°.☼..#........#.....#≈≈≈##..#
#○°°○..####..##2....#.≈≈≈.#..##
#○........##@4..####≈##...##
#...........### ####..###
##.........### ###.#....#.
###...######≈≈≈####..........
##...### #≈≈≈###............
##...## ####.##..............
##...##)..##.........#..........
#..### ...........#.###.........
#...# ....##..###### ##........


You could see a reaper and an ice devil.

Vanquished Creatures
  An orc warlord (Bailey)
  A boulder beetle (D:7)
  3 two-headed ogres
  Sonja (D:10)
  Pikel (D:8)
  A deep elf pyromancer (D:9)
  3 orc knights (Bailey)
  A manticore (D:9)
  2 ice statues (IceCv)
  An unseen horror (D:11)
  An anaconda simulacrum (IceCv)
  6 ice devils (IceCv)
  A freezing wraith (IceCv)
  2 entropy weaver simulacra (IceCv)
  A troll (D:11)
  Sigmund (D:2)
  2 shadows
  A wraith (D:10)
  A wyvern (D:8)
  A steam dragon (D:10)
  A death yak simulacrum (IceCv)
  4 acid dragons
  A water moccasin (D:7)
  2 ice beasts
  A black bear (D:8)
  11 orc warriors
  4 sky beasts
  7 ogres
  A centaur (D:8)
  A phantom (D:5)
  A lemure (D:8)
  Blork the orc (D:6)
  5 bullfrogs
  3 kobold brigands
  2 wyvern zombies
  2 two-headed ogre simulacra (IceCv)
  A scorpion (D:7)
  A wyvern skeleton (D:7)
  10 wights
  3 howler monkeys (D:10)
  7 centaur zombies
  3 hounds
  3 orc priests
  A jelly (D:4)
  A human zombie (D:9)
  3 centaur skeletons
  A gnoll shaman (D:7)
  5 orc wizards
  2 troll simulacra (IceCv)
  3 killer bee zombies
  2 wolf simulacra (IceCv)
  A polar bear simulacrum (IceCv)
  A mummy (D:9)
  4 howler monkey zombies
  17 gnolls
  A howler monkey skeleton (D:4)
  5 adders
  A naga simulacrum (IceCv)
  2 shadow imps
  13 white imps
  5 ufetubi (IceCv)
  A worm (D:3)
  3 dart slugs
  33 orcs
  6 ball pythons
  6 endoplasms
  5 giant cockroaches
  13 goblins
  11 hobgoblins
  9 jackals
  3 quokkas
  8 bats
  3 frilled lizards
  12 kobolds
  10 rats
298 creatures vanquished.

Notes
Turn   | Place    | Note
-------+----------+-------------------------------------------
     0 | D:1      | Peloso the Minotaur Fighter began the quest for the Orb.
     0 | D:1      | Reached XP level 1. HP: 19/19 MP: 0/0
    99 | D:1      | Found a faded altar of an unknown god.
   142 | D:1      | Reached XP level 2. HP: 27/27 MP: 1/1
   563 | D:1      | Reached XP level 3. HP: 33/33 MP: 2/2
   644 | D:2      | Reached skill level 3 in Long Blades
   819 | D:2      | Noticed Sigmund
   832 | D:2      | Killed Sigmund
   833 | D:2      | Reached skill level 4 in Long Blades
   833 | D:2      | Reached skill level 5 in Armour
   833 | D:2      | Reached XP level 4. HP: 8/41 MP: 3/3
   833 | D:2      | Reached XP level 5. HP: 10/47 MP: 4/4
  1287 | D:2      | Reached skill level 5 in Long Blades
  1997 | D:3      | Reached XP level 6. HP: 40/53 MP: 5/5
  2475 | D:3      | Found a shadowy altar of Dithmenos.
  2641 | D:3      | Identified a scroll of acquirement
  2646 | D:3      | Acquired a +1 vampiric double sword
  2762 | D:4      | Reached skill level 6 in Long Blades
  2762 | D:4      | Reached skill level 1 in Dodging
  2965 | D:4      | Found a staircase to the Ecumenical Temple.
  2975 | Temple   | Entered the Ecumenical Temple
  2996 | Temple   | Became a worshipper of Warmaster Okawaru
  3204 | D:4      | Reached XP level 7. HP: 60/60 MP: 6/6
  3463 | D:4      | Reached skill level 5 in Fighting
  3556 | D:5      | Entered Level 5 of the Dungeon
  3794 | D:5      | Reached skill level 7 in Long Blades
  3934 | D:5      | Reached * piety under Okawaru
  4346 | D:6      | Reached XP level 8. HP: 70/70 MP: 7/7
  4362 | D:6      | Reached skill level 8 in Long Blades
  4445 | D:6      | Reached ** piety under Okawaru
  4724 | D:6      | Reached skill level 9 in Long Blades
  4769 | D:6      | Noticed Blork the orc
  4775 | D:6      | Killed Blork the orc
  5054 | D:6      | Reached *** piety under Okawaru
  5055 | D:6      | Reached skill level 10 in Long Blades
  5259 | D:6      | Reached XP level 9. HP: 78/78 MP: 8/8
  5679 | D:7      | Found a shimmering blue altar of Sif Muna.
  5739 | D:7      | Reached skill level 5 in Shields
  5747 | D:7      | Noticed a boulder beetle
  5760 | D:7      | Found a flagged portal.
  5782 | D:7      | Killed a boulder beetle
  5783 | D:7      | Reached skill level 11 in Long Blades
  5793 | Bailey   | Entered a bailey
  5975 | Bailey   | Reached **** piety under Okawaru
  6025 | Bailey   | Reached skill level 12 in Long Blades
  6167 | Bailey   | Noticed an orc knight
  6195 | Bailey   | Killed an orc knight
  6472 | Bailey   | Noticed an orc knight
  6488 | Bailey   | Killed an orc knight
  6488 | Bailey   | Reached ***** piety under Okawaru
  6489 | Bailey   | Reached skill level 1 in Invocations
  6489 | Bailey   | Reached XP level 10. HP: 80/88 MP: 7/9
  6636 | Bailey   | Noticed an orc knight
  6684 | Bailey   | Killed an orc knight
  6901 | Bailey   | Reached skill level 13 in Long Blades
  6946 | Bailey   | Noticed an orc warlord
  6969 | Bailey   | Found the +8 arc blade {discharge, rElec}
  7249 | Bailey   | Killed an orc warlord
  7249 | Bailey   | Received a gift from Okawaru
  7249 | Bailey   | Identified the +1 cloak "Puhob" {Will+} (Okawaru gifted it
                  | to you in a bailey)
  7249 | Bailey   | Received a gift from Okawaru
  7606 | D:7      | Got Ijoothem's Incunabulum of Doomed Enchantment
  7759 | D:7      | Found Mallaum's Weapon Shop.
  8072 | D:7      | Found a glowing golden altar of the Shining One.
  8292 | D:8      | Found an opulent altar of Gozag.
  8502 | D:8      | Reached skill level 14 in Long Blades
  8504 | D:8      | Reached skill level 1 in Stealth
  8583 | D:8      | Reached skill level 10 in Armour
  8630 | D:8      | Noticed a two-headed ogre
  8638 | D:8      | Killed a two-headed ogre
  8803 | D:8      | Noticed Pikel
  8815 | D:8      | Killed Pikel
  8816 | D:8      | Reached XP level 11. HP: 92/97 MP: 11/11
  9053 | D:9      | Found a sacrificial altar of Ru.
  9096 | D:9      | Found a burning altar of Makhleb.
  9100 | D:9      | Found a staircase to the Orcish Mines.
  9185 | D:9      | Noticed a deep elf pyromancer
  9201 | D:9      | Killed a deep elf pyromancer
  9477 | D:9      | Reached skill level 10 in Fighting
  9770 | D:9      | Found a basalt altar of Yredelemnul.
  9956 | D:10     | Entered Level 10 of the Dungeon
  9983 | D:10     | Reached skill level 15 in Long Blades
 10021 | D:10     | Noticed a two-headed ogre
 10033 | D:10     | Killed a two-headed ogre
 10033 | D:10     | Received a gift from Okawaru
 10238 | D:10     | Found a bloodstained altar of Trog.
 10614 | D:10     | Found a hazy altar of Hepliaklqana.
 10614 | D:10     | Found a broken altar of Ashenzari.
 10615 | D:10     | Found a radiant altar of Vehumet.
 10620 | D:10     | Found an ornate altar of the Wu Jian Council.
 10621 | D:10     | Found a snail-covered altar of Cheibriados.
 10625 | D:10     | Noticed Sonja
 10640 | D:10     | Killed Sonja
 11224 | D:11     | Found Hysibitt's Antique Weapon Shop.
 11255 | D:11     | Noticed a two-headed ogre
 11262 | D:11     | Killed a two-headed ogre
 11271 | D:11     | Found a frozen archway.
 11293 | D:11     | Noticed a death yak
 11299 | D:11     | Noticed a death yak
 11299 | D:11     | Noticed a death yak
 11300 | D:11     | HP: 5/101 [gargoyle/+0 morningstar (10)]
 11302 | D:11     | HP: 1/101 [gargoyle/+0 morningstar (2)]
 11304 | IceCv    | Entered an ice cave
 12513 | IceCv    | Identified the +3 crystal plate armour of Kiafeggaebist
                  | {rPois rF+} (Okawaru gifted it to you in an ice cave)
 12513 | IceCv    | Received a gift from Okawaru
 12736 | IceCv    | Reached skill level 16 in Long Blades
 12736 | IceCv    | Reached XP level 12. HP: 110/110 MP: 10/12
 12788 | IceCv    | Noticed a reaper
 12812 | IceCv    | Slain by a reaper

Illustrated notes

Levels and vault maps discovered:
D:1:      minmay_arrival_up_and_down, layout_rooms,
          hellmonk_ecumenical_altar_arch_garden, supply_closet_lemuel,
          minmay_close_crescents
D:2:      layout_loops_ring, uniq_sigmund
D:3:      layout_rooms, mainiacjoe_overflow_surrounded_room,
          kennysheep_nondescript
D:4:      layout_loops_ring, minmay_temple_entry_sparse_star, serial_glass,
          glass_columns_c, glass_columns_a, glass_columns_a, glass_columns_c,
          glass_columns_a, minmay_strange_pillars, feat_on_display,
          due_unseen_surprise, cheibrodos_gnoll_hut
D:5:      layout_basic, water_boxes_lemuel
D:6:      layout_loops_ring, eino_small_chamber_without_monster,
          uniq_blork_the_orc
D:7:      layout_loops_ring, nicolae_sif_muna_condensation, tso_altar,
          enter_bailey_2, serial_shops, shop
D:8:      minmay_razor_zed, layout_rooms,
          mainiacjoe_overflow_concentric_impassable, uniq_pikel
D:9:      layout_loops_cross, old_standard_altar,
          nicolae_overflow_crystal_walls, lemuel_mausoleum_altar_yredelemnul
D:10:     layout_irregular_city, old_standard_altar, grunt_temple_overflow_open,
          uniq_sonja
D:11:     layout_cave_pools, dpeg_lair_monsters, portal_ice_cave_entry_imps,
          serial_shops, nicolae_take_the_stairs, minivault_16,
          onia_ninara_cookie
Temple:   corrupted_temple
IceCv:    ice_cave_small_demon

Skill      XL: |  1  2  3  4  5  6  7  8  9 10 11 12 |
---------------+-------------------------------------+-----
Armour         | 4 5 6 7 9 10 11 | 11.9
Fighting       | 4 5 6 8 9 11 | 11.6
Long Blades    | 4 5 6 7 10 12 14 16 | 16.1
Shields        | 4 5 6 7 |  7.0
Dodging        | 1 2 |  2.2
Invocations    | 1 2 |  2.2
Stealth        | 1 |  1.5
Evocations     | |  0.5

Action                   |  1- 3 |  4- 6 |  7- 9 | 10-12 || total
-------------------------+-------+-------+-------+-------++-------
Melee: Long sword        |    64 |    93 |       |       ||   157
       Headbutt          |    11 |    18 |    47 |    97 ||   173
       Double sword      |       |    23 |   253 |   279 ||   555
       Demon blade       |       |       |       |   141 ||   141
Invok: Heroism           |       |       |     6 |    12 ||    18
       Finesse           |       |       |       |     1 ||     1
Evoke: Wand              |       |       |       |     3 ||     3
  Use: Scroll            |     4 |     3 |     8 |     6 ||    21
       Potion            |     3 |       |     1 |     6 ||    10
Armor: Scale mail        |    31 |     9 |       |       ||    40
       Chain mail        |       |    67 |     1 |       ||    68
       Plate armour      |       |       |   135 |   167 ||   302
       Crystal plate arm |       |       |       |    35 ||    35
Dodge: Dodged            |    33 |    38 |    70 |    85 ||   226
Block: Buckler           |    21 |    25 |    53 |    87 ||   186
